 Dungeon Crawl Stone Soup version 0.25-a0-420-g1cc7eeb0d1 (webtiles) character file.

Game seed: 2409292756862558457, levelgen mode: deterministic

2261 ChaosChampion the Thaumaturge (level 9, 0/62 HPs)
             Began as a Purple Draconian Conjurer on Jan 19, 2020.
             Was a Believer of Vehumet.
             Slain by a hornet (12 damage)
             ... while paralysed by a hornet
             ... on level 7 of the Dungeon.
             The game lasted 00:21:02 (6281 turns).

ChaosChampion the Thaumaturge (DrCj)                Turns: 6281, Time: 00:21:03

Health: 0/62       AC:  7    Str: 16    XL:     9   Next: 15%
Magic:  15/22      EV:  2    Int: 18    God:    Vehumet [**....]
Gold:   425        SH:  0    Dex: 13    Spells: 20/27 levels left

rFire    . . .     SeeInvis .   e - +2 scythe (venom)
rCold    . . .     Gourm    +   (shield currently unavailable)
rNeg     . . .     Faith    .   (armour unavailable)
rPois    .         Spirit   .   (helmet restricted)
rElec    .         Reflect  .   (no cloak)
rCorr    .         Harm     .   (no gloves)
MR       +....                  (no boots)
Stlth    ++........             d - amulet of the gourmand
HPRegen  0.20/turn              p - +4 ring of strength
MPRegen  0.18/turn              (no ring)

@: paralysed, slowed, lightly drained
A: breathe power, unfitting armour, beak, strong 1, cold-blooded, subdued magic
1, AC +7
a: Breathe Dispelling Energy, Renounce Religion


You were on level 7 of the Dungeon.
You worshipped Vehumet.
Vehumet was pleased with you.
You were full.

You visited 2 branches of the dungeon, and saw 8 of its levels.

You collected 425 gold pieces.

Inventory:

Hand Weapons
 e - a +2 scythe of venom (weapon)
 i - a +2 hand axe of venom
 j - a +2 short sword of speed
 o - a +2 dagger of venom
 y - a +4 flail of holy wrath
 F - a +3 short sword
 G - a +0 short sword of speed
Missiles
 c - 11 javelins (quivered)
 n - 60 bolts
 v - 17 poisoned darts
 x - 48 arrows
Armour
 D - a +1 ring mail of fire resistance
Jewellery
 d - an amulet of the gourmand (around neck)
 f - an uncursed ring of fire
 p - a +4 ring of strength (left hand)
 s - an uncursed ring of magical power {unknown}
 C - a cursed ring of teleportation
Wands
 t - a wand of iceblast (5)
Scrolls
 a - 3 scrolls of identify
 g - 2 scrolls of fear
 h - a scroll of enchant weapon
 k - 5 scrolls of remove curse
 m - 2 scrolls of immolation
 q - 5 scrolls of teleportation
 u - a scroll of amnesia {unknown}
 z - a scroll of random uselessness {unknown}
Potions
 l - a potion of berserk rage
 r - 2 potions of agility
 A - a potion of brilliance
 B - a potion of might
 E - a potion of flight {unknown}
Comestibles
 b - 8 rations


   Skills:
 - Level 1.8 Dodging
 - Level 1.7 Stealth
 * Level 9.7 Spellcasting
 * Level 9.6 Conjurations


You had 20 spell levels left.
You knew the following spells:

 Your Spells              Type           Power        Failure   Level  Hunger
a - Magic Dart            Conj           ####         1%          1    None
b - Searing Ray           Conj           ####..       1%          2    None
c - Fulminant Prism       Conj/Hex       ###.......   10%         4    ###....

Your spell library contained the following spells:

 Spells                   Type           Power        Failure   Level  Hunger
 Shock                    Conj/Air       ###.         1%          1    None
 Dazzling Flash           Conj/Hex       ###...       2%          3    None
 Iskenderun's Mystic Bla  Conj/Tloc      ###.....     10%         4    ###....


Dungeon Overview and Level Annotations

Branches:
Dungeon (7/15)             Temple (1/1) D:5

Altars:
Ashenzari
Elyvilon
Fedhas
Gozag
Hepliaklqana
Makhleb
Nemelex Xobeh
Okawaru
Qazlal
Ru
Sif Muna
Trog
Uskayaw
Vehumet
Wu Jian
Xom
Yredelemnul
Zin
The Shining One

Annotations:
D:5 1 runed translucent door, qipq's ghost, amateur OpFi


Innate Abilities, Weirdness & Mutations

You can breathe bolts of dispelling energy.
Your rich purple scales are hard. (AC +7)
You cannot fit into any form of body armour.
You are cold-blooded and may be slowed by cold attacks.
You have a beak for a mouth.
Your muscles are strong. (Str +2)
Your spells are a little easier to cast, but a little less powerful.


Message History

Casting: Searing Ray (safe; 1% risk of failure)
Confirm with . or Enter, or press ? or * to list all spells.
Aiming: Searing Ray (safe; 1% risk of failure)
Press: ? - help, Shift-Dir - straight line, f/p - hornet
Aim: a hornet (lightly wounded)
The searing ray hits the hornet!
The hornet is moderately wounded. (Press . to maintain the ray.)
The hornet barely misses you.
The hornet stings you but does no damage.
The searing ray hits the hornet but does no damage.
The hornet is moderately wounded.
You feel yourself speed up. The hornet closely misses you.
The hornet stings you!
* * * LOW HITPOINT WARNING * * *
You feel yourself slow down.
The searing ray misses the hornet.
The hornet stings you.
* * * LOW HITPOINT WARNING * * *
You suddenly lose the ability to move!
The hornet stings you!
You die...

...#+##.....# ...
...#..'.....# ....
...#..#.....#### ...#
...#..#.)...#...###...##
...####)[...#...........
........)...#...........
............####'#######
.......##'##............
.......#...#....@y......
###....#...#............
#....#...#............
#....#####.....##+####
#....# #.....# +....
#.....# #.....# #######


You could see a hornet.

Vanquished Creatures
  Grinder (D:6)
  Sigmund (D:2)
  Menkaure (D:4)
  Edmund (D:6)
  An ice beast (D:7)
  2 orc warriors
  An ogre (D:7)
  2 centaurs
  A big kobold (D:7)
  4 bullfrogs
  5 wights (D:7)
  A bullfrog zombie (D:6)
  A jelly (D:7)
  2 orc priests
  A hound (D:3)
  2 centaur skeletons
  2 iguanas
  4 orc wizards
  A worker ant (D:4)
  A hound zombie (D:6)
  8 adders
  2 shadow imps
  2 oozes
  5 worms
  2 dart slugs
  3 leopard geckos
  16 orcs
  9 bats
  A giant cockroach (D:1)
  7 goblins
  9 hobgoblins
  3 jackals (D:5)
  8 kobolds
  5 quokkas
  2 ball pythons
  5 frilled lizards
  A leopard gecko zombie (D:7)
  9 rats
132 creatures vanquished.

Notes
Turn   | Place    | Note
-------+----------+-------------------------------------------
     0 | D:1      | ChaosChampion the Draconian Conjurer began the quest for
                  | the Orb.
     0 | D:1      | Reached XP level 1. HP: 14/14 MP: 3/3
   257 | D:1      | Reached XP level 2. HP: 20/20 MP: 5/5
   415 | D:1      | Reached XP level 3. HP: 26/26 MP: 0/6
   454 | D:1      | Learned a level 2 spell: Searing Ray
  1000 | D:2      | Noticed Sigmund
  1067 | D:2      | Found a basalt altar of Yredelemnul.
  1288 | D:2      | Reached XP level 4. HP: 33/33 MP: 0/8
  1704 | D:2      | Killed Sigmund
  1704 | D:2      | Reached skill level 5 in Conjurations
  1704 | D:2      | Reached XP level 5. HP: 16/38 MP: 1/11
  2102 | D:3      | Reached XP level 6. HP: 32/45 MP: 6/12
  2292 | D:3      | Found a radiant altar of Vehumet.
  2297 | D:3      | Became a worshipper of Vehumet
  2684 | D:3      | Found a burning altar of Makhleb.
  3274 | D:4      | Noticed Menkaure
  3578 | D:4      | Found a stormy altar of Qazlal.
  3728 | D:4      | Reached skill level 5 in Spellcasting
  3736 | D:4      | Your scales start taking on a rich purple colour.
  3736 | D:4      | Reached XP level 7. HP: 38/50 MP: 11/16
  3785 | D:4      | Killed Menkaure
  3800 | D:5      | Entered Level 5 of the Dungeon
  3884 | D:5      | Found a staircase to the Ecumenical Temple.
  3901 | Temple   | Entered the Ecumenical Temple
  4072 | D:5      | Reached * piety under Vehumet
  4072 | D:5      | Offered knowledge of Foxfire by Vehumet.
  4104 | D:5      | Found a runed translucent door.
  4109 | D:5      | Noticed qipq's ghost (amateur OpFi)
  4644 | D:6      | Reached XP level 8. HP: 48/57 MP: 6/19
  4677 | D:6      | Noticed Grinder
  4732 | D:6      | Paralysed by Grinder for 6 turns
  4745 | D:6      | Killed Grinder
  5418 | D:6      | Noticed Edmund
  5486 | D:6      | Gained mutation: Your spells are a little easier to cast,
                  | but a little less powerful. [potion of mutation]
  5486 | D:6      | Gained mutation: Your muscles are strong. (Str +2) [potion
                  | of mutation]
  5486 | D:6      | Gained mutation: You have a beak for a mouth. [potion of
                  | mutation]
  5527 | D:6      | Killed Edmund
  5770 | D:7      | Learned a level 4 spell: Fulminant Prism
  5944 | D:7      | Reached ** piety under Vehumet
  5944 | D:7      | Offered knowledge of Shock by Vehumet.
  5949 | D:7      | Reached XP level 9. HP: 35/62 MP: 9/22
  6276 | D:7      | Paralysed by a hornet for 3 turns
  6281 | D:7      | Paralysed by a hornet for 3 turns
  6281 | D:7      | Slain by a hornet

Levels and vault maps discovered:
D:1:      wander_arrival_chamber, layout_basic
D:2:      layout_loops_corners, lemuel_round_altar, uniq_sigmund
D:3:      cheibrodos_pilgrimage, layout_basic, makhleb_heckhound_becter,
          lemuel_doored_altar, minmay_door_square
D:4:      layout_loops_ring, kennysheep_mini_moat, uniq_menkaure
D:5:      layout_cave_pools, minmay_temple_entry_ruins,
          ebering_ghost_reflecting_pool, first_ration, lemuel_flame_loot_1
D:6:      layout_basic, uniq_grinder, uniq_edmund
D:7:      layout_gridville, slow_altar_1, basic_altar, lemuel_statue_altar
Temple:   eino_wide_crystal_templ

Skill      XL: |  1  2  3  4  5  6  7  8 |
---------------+-------------------------+-----
Spellcasting   | 3 4 6 7 9 |  9.7
Conjurations   | 5 6 7 9 |  9.6
Dodging        | |  1.8
Stealth        | |  1.7

Action                   |  1- 3 |  4- 6 |  7- 9 || total
-------------------------+-------+-------+-------++-------
Melee: Unarmed           |    17 |       |       ||    17
       Tailslap          |     3 |     2 |       ||     5
       Scythe            |       |    29 |    12 ||    41
       Peck              |       |       |     1 ||     1
Throw: Javelin           |    20 |     5 |       ||    25
 Cast: Magic Dart        |    62 |    54 |    60 ||   176
       Searing Ray       |     4 |    12 |    39 ||    55
  Use: Potion            |       |     3 |     5 ||     8
       Scroll            |       |     1 |    14 ||    15
 Stab: Sleeping          |       |     1 |       ||     1
  Eat: Chunk             |     1 |     6 |    12 ||    19
       Ration            |       |     1 |       ||     1
Armor: Skin              |    12 |    21 |    24 ||    57
Dodge: Dodged            |    25 |    38 |    39 ||   102

Table legend:
 A = Non-vault XP
 B = Vault XP
 C = Vault XP percentage of total XP
 D = Non-vault monster count
 E = Vault monster count
 F = Vault count percentage of total count
                 A         B        C        D         E       F
            +---------+---------+-------+---------+---------+-------
      Total |    2262 |     969 |  30.0 |     122 |      10 |   7.6
            +---------+---------+-------+---------+---------+-------
        D:1 |      56 |       0 |   0.0 |      29 |       0 |   0.0
        D:2 |      47 |     231 |  83.1 |      13 |       1 |   7.1
        D:3 |     136 |     130 |  48.9 |      18 |       6 |  25.0
        D:4 |     149 |     172 |  53.6 |      11 |       1 |   8.3
        D:5 |     248 |       0 |   0.0 |       9 |       0 |   0.0
        D:6 |     575 |     436 |  43.1 |      18 |       2 |  10.0
        D:7 |    1051 |       0 |   0.0 |      24 |       0 |   0.0
            +---------+---------+-------+---------+---------+-------
